 Dungeon Crawl Stone Soup version 0.18.1-48-g4cf74bf (webtiles) character file.

720 Legadrian the Stinger (level 8, 0/56 HPs)
             Began as a Human Venom Mage on June 25, 2016.
             Slain by a phantom (3 damage)
             ... on level 5 of the Dungeon on June 26, 2016.
             The game lasted 00:41:52 (5667 turns).

Legadrian the Stinger (Human Venom Mage)            Turns: 5667, Time: 00:41:53

Health: 0/56       AC:  5    Str:  9    XL:     8   Next: 2%
Magic:  2/14       EV: 13    Int: 18    God:
Gold:   312        SH:  0    Dex: 13    Spells: 4 memorised, 5 levels left

rFire  + . .     SeeInvis .     w - +0 battleaxe (curse)
rCold  x . .     Gourm    .     k - +2 robe {MR+}
rNeg   . . .     Faith    .     (shield currently unavailable)
rPois  .         Spirit   .     v - +0 helmet
rElec  .         Dismiss  .     (no cloak)
rCorr  .         Reflect  .     (no gloves)
SustAt .         Harm     .     (no boots)
MR     +....                    l - amulet of inaccuracy (curse)
Stlth  ++........               (no ring)
                                a - ring of fire

@: somewhat resistant to hostile enchantments, unstealthy
A: no striking features
a: no special abilities


You were on level 5 of the Dungeon.
You were not hungry.

You visited 1 branch of the dungeon, and saw 5 of its levels.

You collected 312 gold pieces.

Inventory:

Hand Weapons
 r - a +0 falchion
 w - a cursed +0 battleaxe (weapon)
Missiles
 h - 181 stones (quivered)
 j - 54 bolts
 o - 6 javelins
 q - 6 tomahawks
Armour
 k - a +2 robe of magic resistance (worn)
 s - a +0 robe
 u - a +0 robe
 v - a +0 helmet (worn)
Jewellery
 a - a ring of fire (left hand)
 l - a cursed amulet of inaccuracy (around neck)
 t - an uncursed amulet of harm
Scrolls
 d - a scroll of teleportation
Potions
 e - a potion of curing
 g - 2 potions of resistance
 n - a potion of might
 p - a potion of degeneration {unknown}
Books
 b - a Young Poisoner's Handbook

   Spells                             Type                      Level
   a - Sting                          Conjuration/Poison           1
   b - Cure Poison                    Poison                       2
   c - Mephitic Cloud                 Conjuration/Poison/Air       3
   d - Olgreb's Toxic Radiance        Poison                       4
   e - Venom Bolt                     Conjuration/Poison           5
Comestibles
 c - 5 bread rations
 f - a meat ration
 i - 3 chunks of flesh


   Skills:
 + Level 2.0 Fighting
   Level 0.2(0.3) Short Blades
 + Level 0.4 Long Blades
 + Level 0.4(0.6) Axes
   Level 0.6(0.7) Maces & Flails
 + Level 3.1 Dodging
 + Level 2.9 Stealth
 + Level 4.3 Spellcasting
 + Level 3.2 Conjurations
 - Level 0.4 Air Magic
 + Level 5.8 Poison Magic


You had 5 spell levels left.
You knew the following spells:

 Your Spells              Type           Power        Failure   Level  Hunger
a - Sting                 Conj/Pois      ###.         1%          1    None
b - Cure Poison           Pois           ###.......   1%          2    ##.....
c - Mephitic Cloud        Conj/Pois/Air  ###.....     14%         3    ###....
d - Olgreb's Toxic Radia  Pois           ###.....     17%         4    ####...


Dungeon Overview and Level Annotations

Branches:
Dungeon (5/15)
 Temple: D:4-7

Altars:
Gozag
Qazlal
Ru


Message History

The phantom blinks!
You see here a worker ant corpse.
You butcher the worker ant corpse.
You see here 3 chunks of flesh.
You hear the rapid rusting of a distant drain.
You see here 3 chunks of flesh.
i - 3 chunks of flesh The phantom hits you!
* * * LOW HITPOINT WARNING * * *
Your magical contamination has completely faded away.
You see here an arrow.
You miss the phantom. The phantom hits you.
* * * LOW HITPOINT WARNING * * *
The phantom blinks!
The phantom barely misses you.
You miss the phantom.
The phantom hits you but does no damage.
You miss the phantom. The phantom hits you.
* * * LOW HITPOINT WARNING * * *
The phantom hits you.
You die...

..#.....c.#........
..#.......#......#
######......_....(.....#######..#
........#.......#)..............#
###.#.#.#...... #..(...#.#####.##
... .... #...(..#.# ##.#
..####.####(..(..#.#####.# #.#
#........W(...(..)......># ..#
#..##.##..@####.##.####### #.##
#..## #..## #.##.#######
)..###.#.##.....# #...........
###.............# #...########
####..####..###.#####.### .###..#
#..# #.......# ......# #..#
######.## .####.# #..# ##.#
......####..# #..#


You could see a phantom.

Vanquished Creatures
  A centaur (D:5)
  2 ogres
  A howler monkey (D:4)
  A giant frog zombie (D:5)
  A hound (D:4)
  An orc priest (D:3)
  A giant frog skeleton (D:4)
  2 orc wizards (D:4)
  Jessica (D:2)
  Terence (D:2)
  2 worker ants (D:5)
  4 adders
  3 worms (D:2)
  3 dart slugs
  4 giant geckos
  22 orcs
  A ball python (D:5)
  8 bats
  2 giant cockroaches
  8 goblins
  6 hobgoblins
  13 jackals
  A quokka (D:2)
  6 giant newts
  5 kobolds
  6 rats
106 creatures vanquished.

Notes
Turn   | Place    | Note
--------------------------------------------------------------
     0 | D:1      | Legadrian the Human Venom Mage began the quest for the Orb.
     0 | D:1      | Reached XP level 1. HP: 13/13 MP: 3/3
   237 | D:1      | Reached XP level 2. HP: 16/19 MP: 0/5
   699 | D:1      | Reached XP level 3. HP: 24/24 MP: 3/6
  1024 | D:2      | Learned a level 2 spell: Cure Poison
  1028 | D:2      | Learned a level 3 spell: Mephitic Cloud
  1227 | D:2      | Noticed Terence
  1348 | D:2      | Killed Terence
  1348 | D:2      | Reached skill level 1 in Conjurations
  1348 | D:2      | Reached XP level 4. HP: 15/30 MP: 0/7
  1553 | D:2      | Noticed Jessica
  1587 | D:2      | Killed Jessica
  1587 | D:2      | Reached skill level 5 in Poison Magic
  1931 | D:2      | Reached XP level 5. HP: 35/35 MP: 1/8
  2774 | D:3      | Found an opulent altar of Gozag.
  3086 | D:3      | Found a sacrificial altar of Ru.
  3205 | D:3      | Reached XP level 6. HP: 40/42 MP: 0/10
  3774 | D:4      | Reached skill level 1 in Fighting
  4390 | D:4      | Noticed an ogre
  4396 | D:4      | Killed an ogre
  4396 | D:4      | Reached XP level 7. HP: 48/48 MP: 7/12
  5000 | D:4      | Learned a level 4 spell: Olgreb's Toxic Radiance
  5116 | D:5      | Entered Level 5 of the Dungeon
  5547 | D:5      | Found a stormy altar of Qazlal.
  5648 | D:5      | HP: 2/49 [worker ant (6)]
  5656 | D:5      | Reached XP level 8. HP: 14/56 MP: 0/14
  5667 | D:5      | Slain by a phantom

Skill      XL: |  1  2  3  4  5  6  7 |
---------------+----------------------+-----
Conjurations   | 1 2 3 |  3.2
Poison Magic   | 5 |  5.8
Spellcasting   | 3 4 |  4.3
Fighting       | 1 2 |  2.0
Dodging        | 3 |  3.1
Short Blades   | |  0.2
Long Blades    | |  0.4
Axes           | |  0.4
Maces & Flails | |  0.6
Stealth        | |  2.9
Air Magic      | |  0.4

Action                   |  1- 3 |  4- 6 |  7- 9 || total
-------------------------+-------+-------+-------++-------
Melee: Unarmed           |     5 |       |       ||     5
       Dagger            |    26 |       |       ||    26
       Morningstar       |       |    17 |       ||    17
       Falchion          |       |    32 |       ||    32
       Battleaxe         |       |     7 |    40 ||    47
 Cast: Sting             |    41 |   119 |    72 ||   232
       Mephitic Cloud    |     2 |    12 |     3 ||    17
       Cure Poison       |       |     1 |     1 ||     2
  Use: Scroll            |       |     7 |     2 ||     9
       Potion            |       |     1 |     2 ||     3
  Eat: Chunk             |     2 |     6 |     4 ||    12
       Bread ration      |       |     1 |       ||     1
       Beef jerky        |       |     1 |       ||     1
Armor: Robe              |     6 |    27 |    32 ||    65
       Leather armour    |       |       |     1 ||     1
Dodge: Dodged            |    25 |    82 |    58 ||   165
